 Dungeon Crawl Stone Soup version 0.25-a0-105-g2289b3b (webtiles) character file.

Game seed: 16550771332253377001, levelgen mode: deterministic

6345 HungryMoth the Transmogrifier (level 10, -6/84 HPs)
             Began as a Purple Draconian Transmuter on Nov 17, 2019.
             Was a Priest of Wu Jian.
             Mangled by a two-headed ogre
             ... wielding a +0 giant club
              (18 damage)
             ... on level 9 of the Dungeon.
             The game lasted 00:55:25 (10523 turns).

HungryMoth the Transmogrifier (DrTm)               Turns: 10523, Time: 00:55:25

Health: -6/84      AC:  8    Str: 12    XL:     10   Next: 64%
Magic:  12/16      EV: 15    Int: 13    God:    Wu Jian [***...]
Gold:   198        SH:  0    Dex: 14    Spells: 10/23 levels left

rFire    + . .     SeeInvis .     - Unarmed
rCold    + . .     Gourm    .   (shield currently unavailable)
rNeg     + . .     Faith    .   (armour unavailable)
rPois    .         Spirit   .   (helmet restricted)
rElec    .         Reflect  .   (no cloak)
rCorr    .         Harm     .   (gloves currently unavailable)
MR       ++...                  t - +0 pair of boots
Stlth    +.........             (no amulet)
HPRegen  0.24/turn              p - ring of positive energy
MPRegen  0.15/turn              g - ring of Mistrust {rF+ rC+ MR+}

@: blade hands
A: breathe power, unfitting armour, low mp 2, weak 1, cold-blooded, AC +7
a: Breathe Dispelling Energy, End Transformation, Wall Jump, Serpent's Lash,
Renounce Religion


You were on level 9 of the Dungeon.
You worshipped Wu Jian.
Wu Jian was most pleased with you.
You were near starving.
You had blades for hands.
You visited 1 branch of the dungeon, and saw 9 of its levels.

You collected 342 gold pieces.
You spent 144 gold pieces at shops.

Inventory:

Hand Weapons
 d - a +0 whip
 i - a +1 dagger of draining
Armour
 t - a +0 pair of boots (worn)
Jewellery
 g - the ring of Mistrust (right scythe-like blade) {rF+ rC+ MR+}
   (You acquired it on level 8 of the Dungeon)

   [ring of protection from cold]

   It protects you from fire.
   It protects you from cold.
   It affects your resistance to hostile enchantments.
 p - a ring of positive energy (left scythe-like blade)
 s - an uncursed ring of stealth
 z - an uncursed ring of ice
 E - an uncursed amulet of magic regeneration
Wands
 a - a wand of flame (80)
 f - a wand of acid (6)
 o - a wand of polymorph (7)
 x - a wand of enslavement (6)
Scrolls
 e - a scroll of teleportation
 h - 2 scrolls of blinking
 k - 2 scrolls of identify
 l - 4 scrolls of remove curse
 m - a scroll of amnesia {unknown}
 n - a scroll of holy word {unknown}
 q - a scroll of magic mapping
 r - a scroll of immolation {unknown}
 y - a scroll of fog
 A - a scroll of torment {unknown}
 B - a scroll of vulnerability {unknown}
 D - a scroll of enchant weapon
Potions
 b - a potion of flight
 j - a potion of resistance
 u - 2 potions of heal wounds
 v - a potion of lignification
 w - 2 potions of curing
Comestibles
 c - 14 rations


   Skills:
 + Level 6.7 Fighting
 + Level 5.8 Dodging
 + Level 7.8 Unarmed Combat
 + Level 7.3 Spellcasting
 - Level 10.1 Transmutations


You had 10 spell levels left.
You knew the following spells:

 Your Spells              Type           Power        Failure   Level  Hunger
a - Beastly Appendage     Tmut           ####..       9%          1    None
b - Spider Form           Tmut/Pois      ###.......   34%         3    ##.....
c - Ice Form              Ice/Tmut       ###.....     61%         4    ####...
d - Blade Hands           Tmut           ####......   36%         5    ######.

Your spell library contained the following spells:

 Spells                   Type           Power        Failure   Level  Hunger
 Sticks to Snakes         Tmut           ####....     11%         2    #......
 Corona                   Hex            #......      56%         1    None
 Shock                    Conj/Air       #...         56%         1    None
 Summon Small Mammal      Summ           #...         56%         1    None
 Call Imp                 Summ           #.......     65%         2    #......
 Ensorcelled Hibernation  Hex/Ice        #.....       65%         2    #......
 Swiftness                Chrm/Air       #.......     65%         2    #......
 Call Canine Familiar     Summ           #.......     82%         3    ##.....
 Confuse                  Hex            #.......     82%         3    ##.....
 Dazzling Spray           Conj/Hex       #.....       82%         3    ##.....
 Static Discharge         Conj/Air       #.......     82%         3    ##.....
 Summon Guardian Golem    Hex/Summ       #.......     82%         3    ##.....
 Tukima's Dance           Hex            #.......     82%         3    ##.....
 Airstrike                Air            #.........   98%         4    ####...
 Summon Ice Beast         Ice/Summ       #.......     98%         4    ####...
 Summon Lightning Spire   Summ/Air       #.......     98%         4    ####...
 Lightning Bolt           Conj/Air       #.........   100%        5    ######.


Dungeon Overview and Level Annotations

Branches:
Dungeon (9/15)             Temple (0/1) D:4
   Lair: D:8-11         Orc: D:9-12

Altars:
Ashenzari
Cheibriados
Dithmenos
Fedhas
Trog
Wu Jian
The Shining One

Shops:
D:8 *


Innate Abilities, Weirdness & Mutations

You can breathe bolts of dispelling energy.
Your rich purple scales are hard. (AC +7)
You cannot fit into any form of body armour.
You are cold-blooded and may be slowed by cold attacks.
Your magical capacity is very low. (-20% MP)
You are weak. (Str -2)


Message History

The two-headed ogre hits you with a +0 giant spiked club.
You spin and attack the two-headed ogre.
You hit the two-headed ogre.
Your tail-slap misses the two-headed ogre.
The two-headed ogre is heavily wounded.
The two-headed ogre hits you with a +0 giant club!
The two-headed ogre hits you with a +0 giant spiked club.
You spin and attack the two-headed ogre.
You hit the two-headed ogre but do no damage.
The two-headed ogre is heavily wounded.
The two-headed ogre misses you.
The two-headed ogre hits you with a +0 giant spiked club!
You slash the two-headed ogre! You tail-slap the two-headed ogre.
The two-headed ogre is severely wounded.
You slash the two-headed ogre!
The two-headed ogre is severely wounded.
The two-headed ogre hits you with a +0 giant club!!
* * * LOW HITPOINT WARNING * * *
The two-headed ogre hits you with a +0 giant spiked club!!
You die...

#)###.#...# ....#(# #.#....
.###...c O...#.###.#....
...hS. ....#.....#####
...... ....#.[...# # ....
....#.....# #.##...
....#.....#
#.[...######....#.###.#
#.....#.)(@O....#.....#####
#....(#.........#..........
#.....'.........#.......>#.
#.....#+#########........#.
#........................#.
#...#...#...........#....#>
#...#...#................#.
#...)......................
#..........................


You could see a two-headed ogre.

Vanquished Creatures
  A two-headed ogre (D:9)
  Pikel (D:6)
  A hippogriff (D:9)
  Sigmund (D:4)
  A human (D:7)
  Eustachio (D:6)
  3 hogs (D:7)
  A yak (D:7)
  2 hungry ghosts
  Duvessa (D:6)
  An orc warrior (D:7)
  A hornet zombie (D:7)
  A phantom (D:5)
  A sky beast (D:6)
  A slave (D:6)
  3 ice beasts (D:8)
  An ogre (D:5)
  6 centaurs
  2 big kobolds (D:9)
  3 bullfrogs
  Dowan (D:6)
  2 scorpions
  4 killer bees (D:7)
  4 howler monkeys (D:8)
  3 crimson imps
  A quasit (D:5)
  2 bullfrog skeletons
  8 orc wizards
  4 hounds
  3 jellies
  7 orc priests
  Crazy Yiuf (D:6)
  2 centaur skeletons
  2 iguanas
  7 worker ants
  A killer bee zombie (D:5)
  2 hound skeletons
  3 worker ant zombies (D:5)
  8 gnolls
  18 adders
  6 shadow imps
  3 oozes
  6 dart slugs
  3 leopard geckos
  29 orcs
  11 bats
  6 giant cockroaches
  7 goblins
  9 hobgoblins
  9 jackals
  6 quokkas
  2 ball pythons
  4 frilled lizards
  A giant cockroach zombie (D:5)
  17 kobolds
  2 leopard gecko skeletons (D:4)
  A quokka skeleton (D:8)
  8 rats
246 creatures vanquished.

Notes
Turn   | Place    | Note
-------+----------+-------------------------------------------
     0 | D:1      | HungryMoth the Draconian Transmuter began the quest for the
                  | Orb.
     0 | D:1      | Reached XP level 1. HP: 16/16 MP: 3/3
   140 | D:1      | Reached XP level 2. HP: 18/23 MP: 3/5
   588 | D:1      | Reached XP level 3. HP: 23/28 MP: 5/7
   995 | D:2      | Found a bloodstained altar of Trog.
  1030 | D:2      | Reached skill level 3 in Transmutations
  1202 | D:2      | Found a blossoming altar of Fedhas.
  1280 | D:2      | Learned a level 3 spell: Spider Form
  1322 | D:2      | Reached XP level 4. HP: 23/35 MP: 6/8
  2236 | D:3      | Found a glowing golden altar of the Shining One.
  2241 | D:3      | Found an ornate altar of the Wu Jian Council.
  2283 | D:3      | Became a worshipper of the Wu Jian Council
  2487 | D:3      | Reached XP level 5. HP: 40/40 MP: 10/10
  2688 | D:4      | Learned a level 4 spell: Ice Form
  2690 | D:4      | Found a snail-covered altar of Cheibriados.
  2740 | D:4      | Reached skill level 4 in Transmutations
  2986 | D:4      | Reached XP level 6. HP: 29/47 MP: 12/12
  3195 | D:4      | Learned a level 5 spell: Blade Hands
  3512 | D:4      | Noticed Sigmund
  3517 | D:4      | Killed Sigmund
  3517 | D:4      | Reached skill level 5 in Spellcasting
  3517 | D:4      | Reached skill level 5 in Transmutations
  3598 | D:4      | Found a staircase to the Ecumenical Temple.
  3832 | D:5      | Entered Level 5 of the Dungeon
  3908 | D:5      | Your scales start taking on a rich purple colour.
  3908 | D:5      | Reached XP level 7. HP: 14/52 MP: 3/16
  4694 | D:5      | Found a shadowy altar of Dithmenos.
  4706 | D:5      | Reached * piety under Wu Jian
  4859 | D:5      | Reached XP level 8. HP: 52/62 MP: 17/17
  4926 | D:5      | Reached skill level 6 in Transmutations
  4961 | D:5      | Gained mutation: Your magical capacity is low. (-10% MP)
                  | [mutagenic glow]
  5113 | D:5      | Reached skill level 5 in Unarmed Combat
  5309 | D:6      | Noticed Duvessa
  5314 | D:6      | Noticed Dowan
  5318 | D:6      | Killed Dowan
  5331 | D:6      | HP: 3/63 [Duvessa/+0 short sword of venom (10)]
  5345 | D:5      | HP: 3/63 [poisoned by Duvessa]
  5350 | D:5      | HP: 3/63 [poisoned by Duvessa]
  5355 | D:5      | HP: 3/63 [poisoned by Duvessa]
  5362 | D:5      | HP: 3/63 [poisoned by Duvessa]
  5368 | D:5      | HP: 2/63 [poisoned by Duvessa]
  5678 | D:6      | Killed Duvessa
  5808 | D:6      | Gained mutation: Your magical capacity is very low. (-20%
                  | MP) [mutagenic glow]
  5873 | D:6      | Gained mutation: You are weak. (Str -2) [mutagenic glow]
  6072 | D:6      | Noticed Eustachio
  6100 | D:6      | Killed Eustachio
  6144 | D:6      | Reached ** piety under Wu Jian
  6144 | D:6      | Reached skill level 7 in Transmutations
  6386 | D:6      | Reached XP level 9. HP: 72/72 MP: 10/14
  6469 | D:6      | Noticed Pikel
  6517 | D:6      | Killed Pikel
  6517 | D:6      | Reached skill level 5 in Fighting
  6679 | D:6      | Found a runed translucent door.
  6680 | D:6      | Noticed Crazy Yiuf
  6687 | D:6      | Killed Crazy Yiuf
  7015 | D:7      | Reached skill level 8 in Transmutations
  7488 | D:7      | Reached skill level 9 in Transmutations
  7653 | D:7      | Found a shattered altar of Ashenzari.
  8492 | D:7      | Reached skill level 10 in Transmutations
  8492 | D:7      | Reached XP level 10. HP: 52/81 MP: 10/15
  8497 | D:7      | Reached *** piety under Wu Jian
  8706 | D:8      | Found Ilascher's Assorted Antiques.
  8729 | D:8      | Reached skill level 5 in Dodging
  8786 | D:8      | Bought a scroll of teleportation for 72 gold pieces
  8786 | D:8      | Bought a scroll of remove curse for 72 gold pieces
  9050 | D:8      | Identified 3 scrolls of acquirement
  9051 | D:8      | Got an ancient graven amulet
  9052 | D:8      | Identified the amulet "Ydghaanoi" {Harm *Drain rElec rN+
                  | Str-5 Int+3} (You acquired it on level 8 of the Dungeon)
  9062 | D:8      | Got a sparkling pewter ring
  9064 | D:8      | Identified the ring of Mistrust {rF+ rC+ MR+} (You acquired
                  | it on level 8 of the Dungeon)
  9398 | D:8      | Found a bloodstained altar of Trog.
 10031 | D:9      | Noticed a two-headed ogre
 10041 | D:9      | Killed a two-headed ogre
 10511 | D:9      | Noticed a two-headed ogre
 10523 | D:9      | Mangled by a two-headed ogre

Levels and vault maps discovered:
D:1:      evilmike_arrival_crescent, layout_loops_ring
D:2:      layout_basic, lightli_temple_of_fire, fedhas_altar_1
D:3:      layout_rooms, grunt_temple_overflow_open
D:4:      layout_basic, nicolae_overflow_crystal_walls,
          minmay_temple_entry_mini_moons, first_ration, uniq_sigmund
D:5:      layout_basic, overflow_temple_1_default,
          chequers_serial_rivers_micro_c
D:6:      layout_basic, uniq_pikel, uniq_eustachio, uniq_crazy_yiuf_cottage,
          uniq_duvessa
D:7:      layout_loops_ring, cheibrodos_ashenzari_chains, grunt_livestock
D:8:      layout_loops_ring, serial_shops, shop_fountains, basic_altar
D:9:      layout_stronghold, grunt_ministairs_14, kennysheep_generic_room_7

Skill      XL: |  1  2  3  4  5  6  7  8  9 10 |
---------------+-------------------------------+-----
Transmutations | 3 4 5 7 10 | 10.1
Spellcasting   | 3 4 6 7 |  7.3
Dodging        | 2 4 5 |  5.8
Fighting       | 2 4 5 6 |  6.7
Unarmed Combat | 4 6 7 |  7.8

Action                   |  1- 3 |  4- 6 |  7- 9 | 10-12 || total
-------------------------+-------+-------+-------+-------++-------
Melee: Whip              |    35 |       |       |       ||    35
       Kick              |    15 |     7 |       |       ||    22
       Tailslap          |     9 |    18 |    38 |    18 ||    83
       Mace              |     2 |       |       |       ||     2
       Dagger            |    76 |   160 |   268 |       ||   504
       Punch             |     1 |     1 |     4 |     7 ||    13
       Headbutt          |     2 |     8 |    16 |    22 ||    48
       Unarmed           |       |    26 |   215 |   191 ||   432
 Cast: Beastly Appendage |    22 |    21 |    17 |    12 ||    72
       Ice Form          |       |     2 |    14 |       ||    16
       Blade Hands       |       |     2 |    12 |     7 ||    21
Invok: Lunge             |       |    13 |    54 |    24 ||    91
       Whirlwind         |       |       |    24 |    19 ||    43
       Serpent's Lash    |       |       |       |     1 ||     1
 Abil: Breathe Dispellin |       |       |     1 |       ||     1
       Wall Jump         |       |       |     1 |     1 ||     2
  Use: Scroll            |       |    12 |     3 |     3 ||    18
       Potion            |       |       |    15 |       ||    15
 Stab: Sleeping          |     1 |     1 |     8 |       ||    10
  Eat: Chunk             |     2 |     8 |    20 |     6 ||    36
       Ration            |       |     1 |     2 |     1 ||     4
Armor: Skin              |    35 |    41 |   178 |    43 ||   297
Dodge: Dodged            |    60 |    95 |   307 |    97 ||   559

Table legend:
 A = Non-vault XP
 B = Vault XP
 C = Vault XP percentage of total XP
 D = Non-vault monster count
 E = Vault monster count
 F = Vault count percentage of total count
                 A         B        C        D         E       F
            +---------+---------+-------+---------+---------+-------
      Total |    6542 |    2523 |  27.8 |     230 |      15 |   6.1
            +---------+---------+-------+---------+---------+-------
        D:1 |      50 |       0 |   0.0 |      27 |       0 |   0.0
        D:2 |      82 |       0 |   0.0 |      27 |       0 |   0.0
        D:3 |      69 |       0 |   0.0 |      23 |       0 |   0.0
        D:4 |     276 |     231 |  45.6 |      16 |       1 |   5.9
        D:5 |     976 |       0 |   0.0 |      39 |       0 |   0.0
        D:6 |    1116 |    1154 |  50.8 |      26 |       5 |  16.1
        D:7 |    1230 |     997 |  44.8 |      31 |       5 |  13.9
        D:8 |     988 |       0 |   0.0 |      20 |       0 |   0.0
        D:9 |    1755 |     141 |   7.4 |      21 |       4 |  16.0
            +---------+---------+-------+---------+---------+-------
